 Dungeon Crawl Stone Soup version 0.21-a0-426-g98080a9 (webtiles) character file.

72382 kae the Geomancer (level 15, -17/91 HPs)
             Began as a Gargoyle Earth Elementalist on Nov 5, 2017.
             Was a High Priest of Vehumet.
             Blown up by an orb spider (41 damage)
             ... with an orb of destruction
             ... on level 1 of the Spider Nest.
             The game lasted 00:41:15 (32988 turns).

kae the Geomancer (Gargoyle Earth Elementalist)    Turns: 32988, Time: 00:41:15

Health: -17/91     AC: 21    Str: 14    XL:     15   Next: 39%
Magic:  36/45      EV: 15    Int: 20    God:    Vehumet [*****.]
Gold:   1507       SH:  0    Dex: 10    Spells: 19/36 levels left

rFire    . . .     SeeInvis .   O - staff of power
rCold    . . .     Gourm    .   (no shield)
rNeg     + . .     Faith    .   H - +2 robe {MR+}
rPois    ∞         Spirit   .   v - +2 helmet
rElec    +         Reflect  .   f - scarf {repulsion}
rCorr    .         Harm     .   T - +1 pair of gloves
MR       ++...                  (no boots)
Stlth    ++........             (no amulet)
HPRegen  0.25/turn              W - ring of wizardry
MPRegen  0.29/turn              w - ring of wizardry

@: berserk cooldown, flying, very slightly contaminated, slowed, repel missiles,
very slow
A: big wings, negative energy resistance 1, electricity resistance, unbreathing,
petrification resistance, rot immunity, AC +11
a: Stop Flying, Renounce Religion


You were on level 1 of the Spider Nest.
You worshipped Vehumet.
Vehumet was extremely pleased with you.
You were not hungry.

You visited 4 branches of the dungeon, and saw 22 of its levels.

You collected 1507 gold pieces.

Inventory:

Hand Weapons
 g - a +2 whip of venom
Missiles
 b - 61 stones (quivered)
Armour
 f - a scarf of repulsion (worn)
 v - a +2 helmet (worn)
 H - a +2 robe of magic resistance (worn)
 T - a +1 pair of gloves (worn)
Magical Staves
 O - an uncursed staff of power (weapon)
Jewellery
 w - a ring of wizardry (right hand)
 z - the ring of Ziohowk {rCorr *Slow +Blink Dex+9 Stlth+}
   (You took it off an orc priest on level 5 of the Dungeon)

   [ring of resist corrosion]

   It affects your dexterity (+9).
   It lets you blink.
   It may slow you when you take damage.
   It makes you more stealthy.
 W - a ring of wizardry (left hand)
Scrolls
 a - 2 scrolls of enchant weapon
 n - 12 scrolls of remove curse
 s - 5 scrolls of fog
 G - 4 scrolls of magic mapping
 I - 9 scrolls of identify
 U - 2 scrolls of amnesia
Potions
 h - 7 potions of heal wounds
 k - 4 potions of brilliance
 m - 3 potions of mutation
 o - a potion of cancellation
 p - 3 potions of ambrosia
 t - 3 potions of haste
 x - 2 potions of lignification
 B - 9 potions of curing
 E - 5 potions of magic
 Q - 2 potions of might
 Y - 2 potions of invisibility
Comestibles
 d - 8 bread rations
 i - 16 royal jellies
 A - 9 meat rations
 J - 17 fruits


   Skills:
 + Level 9.4 Fighting
 - Level 5.0(6.6) Maces & Flails
 + Level 6.7(7.5) Staves
 + Level 9.5 Armour
 + Level 7.4 Dodging
 - Level 2.1 Stealth
 * Level 11.4 Spellcasting
 * Level 13.0 Conjurations
 - Level 0.7 Transmutations
 * Level 14.4 Earth Magic


You had 19 spell levels left.
You knew the following spells:

 Your Spells              Type           Power        Failure   Level  Hunger
a - Sandblast             Erth           ######       0%          1    None
b - Stone Arrow           Conj/Erth      ######       1%          3    None
c - Lee's Rapid Deconstr  Erth           ######....   1%          5    ####...
d - Inner Flame           Hex/Fire       ##......     2%          3    None
e - Regeneration          Chrm/Necr      ##........   5%          3    None
f - Passwall              Tmut/Erth      #####.....   1%          2    None


Dungeon Overview and Level Annotations

Branches:
Dungeon (14/15)            Temple (1/1) D:4            Lair (6/6) D:11
 Shoals (0/4) Lair:2       Spider (1/4) Lair:4        Slime (0/5) Lair:5
    Orc (0/2) D:9          Vaults (0/5) D:14

Altars:
Cheibriados
Dithmenos
Elyvilon
Fedhas
Hepliaklqana
Makhleb
Nemelex Xobeh
Okawaru
Qazlal
Ru
Sif Muna
Uskayaw
Vehumet
Yredelemnul
Zin
Jiyva

Shops:
D:11 *   D:14 (

Annotations:
D:9 Qupu's ghost, novice GrFi
Lair:5 1 runed door


Innate Abilities, Weirdness & Mutations

You are resistant to torment.
Your stone body is resilient. (AC +11)
You are immune to poison.
Your large and strong wings let you fly indefinitely.
You resist negative energy. (rN+)
You are resistant to electric shocks. (rElec)
You can survive without breathing.
You are immune to petrification.
You are immune to rotting.


Message History

The orb spider weaves a glowing orb of energy.
An orb of destruction comes into view.
The jumping spider leaps!
The orb spider begins to weave its threads into a brightly glowing ball.
The orb spider weaves a glowing orb of energy.
The jumping spider leaps!
An orb of destruction comes into view.
The orb spider weaves a glowing orb of energy.
The orb spider pulsates with a strange energy.
An orb of destruction comes into view.
Blink to where?
Press: ? - help, Dir - move target cursor, p - orb spider You are very lightly contaminated with residual magic.
As you read the scroll of blinking, it crumbles to dust.
The orb spider weaves a glowing orb of energy.
The orb of destruction hits a rock wall.
An orb of destruction comes into view.
The orb spider spins a strand of pure energy.
The orb of destruction hits you!
You die...

#.>..§.....#.......#.
≈.....s§..............
#....#§.......#.^...#.
......s......###.....
#......§#^..#.##.....
..#..#..§..#.........
........*§.^...... .#
.........#§#.....#. #
.#.......#@...#...#
#####..%<.........
##..#....#...
####........ ##....#..
.#..... #...... ##....
.#


You could see 2 orb spiders.

Vanquished Creatures
  Rupert (Lair:4)
  2 entropy weavers (Lair:4)
  The ghost of Scuka the Geomancer, a journeyman GrEE of Vehumet (Lair:5)
  Harold (D:12)
  A vault guard (D:14)
  Erolcha (D:13)
  6 hydras
  A two-headed ogre (D:13)
  A catoblepas (Lair:6)
  2 tengu warriors (D:14)
  A queen ant (Lair:4)
  An unseen horror (D:14)
  2 deep elf magi
  3 manticores
  7 ugly things
  9 elephants
  A moth of wrath (Spider:1)
  2 cyclopes
  4 black mambas
  Maurice (D:8)
  4 gargoyles
  12 spiny frogs
  9 komodo dragons
  A kobold demonologist (D:13)
  A rime drake (Lair:4)
  2 tengu conjurers (D:14)
  4 jumping spiders
  2 trolls
  Grinder (D:5)
  8 polar bears
  8 hornets
  8 hippogriffs
  16 blink frogs
  3 slime creatures (D:13)
  A dream sheep (Lair:6)
  39 yaks
  5 redbacks (Spider:1)
  12 spriggans (Lair:6)
  A tarantella (Spider:1)
  3 wyverns
  A shadow (D:12)
  22 humans (D:14)
  3 basilisks
  Eustachio (D:6)
  3 vampire mosquitoes (D:14)
  3 hungry ghosts
  Edmund (D:5)
  14 soldier ants
  13 porcupines
  14 water moccasins
  5 orc warriors
  2 ice beasts
  4 sky beasts
  2 black bears (Lair:6)
  4 phantoms
  12 centaurs
  7 ogres
  4 boggarts (Lair:6)
  3 necrophages
  28 wolves
  16 crocodiles
  A big kobold (D:10)
  11 bullfrogs
  4 scorpions
  3 killer bees
  18 wights
  8 howler monkeys
  8 crimson imps
  2 bullfrog zombies (D:4)
  A centaur zombie (D:11)
  3 jellies
  2 centaur skeletons (D:4)
  11 orc priests
  7 hounds
  7 orc wizards
  A bullfrog skeleton (D:8)
  5 iguanas
  Ijyb (D:5)
  34 worker ants
  6 hell rats (Lair:3)
  2 hound zombies (D:4)
  A hound skeleton (D:7)
  4 worker ant zombies
  2 howler monkey skeletons (D:4)
  12 adders
  8 shadow imps
  2 adder zombies
  2 oozes
  2 adder skeletons
  4 worms
  A dart slug (D:1)
  7 leopard geckos
  44 orcs
  8 bats
  3 giant cockroaches
  9 goblins
  4 hobgoblins
  3 quokkas
  3 ball pythons
  5 frilled lizards
  2 giant cockroach zombies
  A jackal skeleton (D:4)
  13 kobolds
  A leopard gecko zombie (D:4)
  A quokka zombie (D:4)
  9 rats
636 creatures vanquished.

Vanquished Creatures (others)
  A blink frog (Lair:6)
  A bush (Lair:6)
  11 fungi
  2 plants (Lair:5)
15 creatures vanquished.

Grand Total: 651 creatures vanquished

Notes
Turn   | Place    | Note
-------+----------+-------------------------------------------
     0 | D:1      | kae the Gargoyle Earth Elementalist began the quest for the Orb.
     0 | D:1      | Reached XP level 1. HP: 10/10 MP: 3/3
   264 | D:1      | Reached XP level 2. HP: 14/15 MP: 5/5
   273 | D:1      | Reached skill level 4 in Earth Magic
   934 | D:1      | Reached XP level 3. HP: 19/19 MP: 6/6
  1196 | D:1      | Learned a level 3 spell: Stone Arrow
  1746 | D:2      | Reached XP level 4. HP: 14/24 MP: 1/8
  1873 | D:2      | Reached skill level 1 in Conjurations
  2464 | D:3      | Reached skill level 1 in Fighting
  2464 | D:3      | Reached XP level 5. HP: 11/29 MP: 0/9
  2657 | D:3      | Reached skill level 1 in Armour
  3074 | D:3      | Found a stormy altar of Qazlal.
  3076 | D:3      | Noticed an air elemental
  3077 | D:3      | Noticed a water elemental
  3077 | D:3      | Noticed a fire elemental
  3730 | D:4      | Reached skill level 5 in Earth Magic
  3735 | D:4      | Reached XP level 6. HP: 32/34 MP: 1/10
  4121 | D:4      | Reached skill level 1 in Maces & Flails
  4192 | D:4      | Reached XP level 7. HP: 17/40 MP: 4/12
  4491 | D:4      | Found a staircase to the Ecumenical Temple.
  4526 | Temple   | Entered the Ecumenical Temple
  4562 | Temple   | Became a worshipper of Vehumet
  5081 | D:5      | Entered Level 5 of the Dungeon
  5092 | D:5      | Reached skill level 6 in Earth Magic
  5479 | D:5      | Noticed Grinder
  5706 | D:5      | Killed Grinder
  5706 | D:5      | Reached XP level 8. HP: 43/45 MP: 0/14
  5811 | D:5      | Noticed Edmund
  5840 | D:5      | Killed Edmund
  5938 | D:5      | Got a twitching turquoise ring
  6281 | D:5      | Noticed Ijyb
  6287 | D:5      | Killed Ijyb
  6512 | D:6      | Reached skill level 7 in Earth Magic
  6543 | D:5      | Reached * piety under Vehumet
  6543 | D:5      | Offered knowledge of Flame Tongue by Vehumet.
  6680 | D:6      | Reached skill level 5 in Spellcasting
  6843 | D:6      | Noticed Eustachio
  6911 | D:6      | Killed Eustachio
  6911 | D:6      | Reached skill level 5 in Conjurations
  6911 | D:6      | Reached XP level 9. HP: 51/51 MP: 8/16
  7555 | D:7      | Identified the ring of Ziohowk {rCorr *Slow +Blink Dex+9 Stlth+} (You took it off an orc priest on level 5 of the Dungeon)
  8079 | D:7      | Reached skill level 8 in Earth Magic
  8720 | D:7      | Reached ** piety under Vehumet
  9062 | D:7      | Found a shadowy altar of Dithmenos.
  9067 | D:7      | Reached XP level 10. HP: 58/58 MP: 3/19
  9303 | D:7      | Offered knowledge of Shock by Vehumet.
  9548 | D:8      | Noticed Maurice
  9557 | D:8      | Killed Maurice
 10378 | D:8      | Reached skill level 9 in Earth Magic
 10526 | D:8      | Offered knowledge of Static Discharge by Vehumet.
 10720 | D:8      | Reached *** piety under Vehumet
 10957 | D:8      | Reached skill level 5 in Fighting
 11010 | D:8      | Reached skill level 5 in Armour
 11343 | D:9      | Noticed Qupu's ghost (novice GrFi)
 11648 | D:9      | Offered knowledge of Fulminant Prism by Vehumet.
 11999 | D:9      | Found a staircase to the Orcish Mines.
 13199 | D:10     | Entered Level 10 of the Dungeon
 13966 | D:10     | Reached XP level 11. HP: 64/64 MP: 21/21
 14412 | D:11     | Noticed a manticore
 14422 | D:11     | Killed a manticore
 14585 | D:11     | Reached skill level 5 in Maces & Flails
 14746 | D:11     | Found Benwioth's General Store.
 14774 | D:11     | Reached skill level 10 in Earth Magic
 15134 | D:11     | Reached **** piety under Vehumet
 15514 | D:11     | Reached skill level 1 in Staves
 15622 | D:11     | Found a staircase to the Lair.
 16130 | Lair:1   | Entered Level 1 of the Lair of Beasts
 16322 | Lair:1   | Offered knowledge of Inner Flame by Vehumet.
 16819 | Lair:1   | Reached skill level 5 in Dodging
 17775 | Lair:2   | Reached XP level 12. HP: 71/71 MP: 24/24
 17815 | Lair:2   | Learned a level 5 spell: Lee's Rapid Deconstruction
 17819 | Lair:2   | Learned a level 3 spell: Inner Flame
 17973 | Lair:2   | Noticed a four-headed hydra
 17982 | Lair:2   | Reached skill level 11 in Earth Magic
 18042 | Lair:2   | Killed a four-headed hydra
 18196 | Lair:2   | Found a staircase to the Shoals.
 18292 | Lair:2   | Noticed a four-headed hydra
 18297 | Lair:2   | Killed a four-headed hydra
 19198 | Lair:3   | Noticed a four-headed hydra
 19205 | Lair:3   | Killed a four-headed hydra
 19311 | Lair:3   | Noticed an eight-headed hydra
 19317 | Lair:3   | Killed an eight-headed hydra
 19317 | Lair:3   | Reached skill level 10 in Conjurations
 20027 | Lair:4   | Found a hole to the Spider Nest.
 20590 | Lair:4   | Reached skill level 12 in Earth Magic
 20590 | Lair:4   | Reached XP level 13. HP: 76/76 MP: 20/26
 20822 | Lair:4   | Reached ***** piety under Vehumet
 20822 | Lair:4   | Offered knowledge of Conjure Ball Lightning by Vehumet.
 20960 | Lair:4   | Noticed an entropy weaver
 21560 | Lair:4   | Noticed an entropy weaver
 21697 | Lair:4   | Killed an entropy weaver
 21733 | Lair:4   | Killed an entropy weaver
 22358 | Lair:5   | Noticed Scuka's ghost (journeyman GrEE)
 22369 | Lair:5   | Killed Scuka's ghost
 22435 | Lair:5   | Noticed Rupert
 23558 | Lair:5   | Found a runed door.
 23559 | Lair:5   | Found a viscous altar of Jiyva.
 23614 | Lair:5   | Reached skill level 5 in Staves
 23789 | Lair:5   | Reached skill level 10 in Spellcasting
 23936 | Lair:5   | Found a staircase to the Slime Pits.
 24419 | Lair:6   | Entered Level 6 of the Lair of Beasts
 24574 | Lair:6   | Reached skill level 13 in Earth Magic
 24770 | Lair:6   | Gained mutation: Your large and strong wings let you fly indefinitely. [Gargoyle growth]
 24770 | Lair:6   | Reached XP level 14. HP: 84/84 MP: 28/28
 26608 | Lair:6   | Offered knowledge of Force Lance by Vehumet.
 27485 | Lair:4   | Killed Rupert
 28339 | D:12     | Noticed Harold
 28342 | D:12     | Killed Harold
 28488 | D:13     | Noticed Erolcha
 28889 | D:13     | Offered knowledge of Iskenderun's Battlesphere by Vehumet.
 29285 | D:13     | Killed Erolcha
 29544 | D:13     | Reached skill level 14 in Earth Magic
 29710 | Lair:1   | Learned a level 3 spell: Regeneration
 29713 | Lair:1   | Learned a level 2 spell: Passwall
 29869 | D:14     | Found Giufoxt's Weapon Boutique.
 30086 | D:14     | Reached XP level 15. HP: 69/90 MP: 30/30
 30547 | D:14     | Found a burning altar of Makhleb.
 32113 | D:14     | Found a gate to the Vaults.
 32812 | Spider:1 | Entered Level 1 of the Spider Nest
 32967 | Spider:1 | Offered knowledge of Spellforged Servitor by Vehumet.
 32988 | Spider:1 | Blown up by an orb spider

Vault maps used:
D:1:      nicolae_arrival_memento_mori, hangedman_decor_diamond_cutter,
          kennysheep_nondescript, minmay_hedge_maze, minmay_tetromino_l2
D:2:      first_bread
D:3:      minmay_diamond_boxcup, nicolae_qazlal_style_of_elements
D:4:      minmay_temple_entry_trees, serial_undead, serial_undead_f,
          serial_undead_d, serial_undead_e, serial_undead_b, serial_undead_f,
          serial_undead_b, serial_undead_f
D:5:      uniq_ijyb, uniq_grinder, uniq_edmund
D:6:      uniq_eustachio
D:7:      grunt_dithmenos_shadows
D:8:      hangedman_pestilent_swarm, uniq_maurice
D:9:      orc_0_dummy, serial_corexii_hall, corexii_hall_statues_deadend,
          corexii_hall_statues_l
D:11:     grunt_lair_entry_orc_guard_hut, serial_shops, shop
D:12:     uniq_harold
D:13:     minmay_misc_feat_five, item_on_display_a, uniq_erolcha
D:14:     grunt_vaults_entry_tiered, serial_shops, shop, lemuel_tele_altar
Temple:   regret_index_temple_sigil_plot
Lair:1:   guppyfry_lair_drakes
Lair:2:   minmay_shoals_entry_beasts, lemuel_fruit_tree, grunt_megastairs_5
Lair:4:   spider_nest_entry_a, zaba_anthell, grunt_megastairs_3
Lair:5:   slime_altar_2, uniq_rupert
Lair:6:   minmay_lair_end_enchanted_forest, st_stairs_10, grunt_megastairs_2
Spider:1: spiders_nest_spider_trap

Skill      XL: |  1  2  3  4  5  6  7  8  9 10 11 12 13 14 15 |
---------------+----------------------------------------------+-----
Earth Magic    | 4 5 6 7 8 9 10 12 13 14 | 14.4
Conjurations   | 1 2 4 5 6 7 9 10 11 12 13 | 13.0
Spellcasting   | 3 4 5 6 7 8 9 10 11 | 11.4
Fighting       | 1 2 3 4 5 6 7 8 9 |  9.4
Armour         | 1 2 3 4 5 6 7 8 9 |  9.5
Dodging        | 2 3 4 5 6 7 |  7.4
Maces & Flails | 1 2 3 4 5 |  5.0
Staves         | 2 3 5 6 |  6.7
Stealth        | |  2.1
Transmutations | |  0.7

Action                   |  1- 3 |  4- 6 |  7- 9 | 10-12 | 13-15 || total
-------------------------+-------+-------+-------+-------+-------++-------
Melee: Unarmed           |    44 |       |       |       |       ||    44
       Short sword       |    69 |    87 |       |       |       ||   156
       Whip              |       |   140 |   352 |   191 |       ||   683
       Staff             |       |       |       |   103 |   364 ||   467
 Cast: Sandblast         |     9 |    12 |    55 |   102 |   259 ||   437
       Stone Arrow       |     2 |    16 |    76 |   399 |   601 ||  1094
       Lee's Rapid Decon |       |       |       |     4 |    10 ||    14
 Abil: Fly               |       |       |       |       |     1 ||     1
  Use: Scroll            |       |     7 |     8 |    10 |    16 ||    41
       Potion            |       |     2 |       |       |     4 ||     6
 Stab: Sleeping          |     5 |     2 |     2 |     2 |       ||    11
  Eat: Chunk             |     1 |     9 |    14 |    37 |    41 ||   102
       Royal jelly       |     1 |       |     3 |     1 |       ||     5
       Fruit             |       |       |     2 |     2 |     2 ||     6
Armor: Robe              |    48 |    91 |   157 |   192 |   379 ||   867
       Skin              |       |       |       |       |    10 ||    10
Dodge: Dodged            |    87 |   146 |   237 |   377 |   550 ||  1397
       Deflected         |     3 |       |     3 |    12 |    15 ||    33

Table legend:
 A = Spawn XP
 B = Non-spawn XP
 C = Spawn XP percentage of total XP
 D = Spawn monster count
 E = Non-spawn monster count
 F = Spawn count percentage of total count
 G = Total turns spent on level
                    A         B        C        D         E        F      G
               +---------+---------+-------+---------+---------+-------+---------
         Total |       0 |  103403 |   0.0 |       0 |     637 |   0.0 | 32988
               +---------+---------+-------+---------+---------+-------+---------
           D:1 |       0 |      35 |   0.0 |       0 |      21 |   0.0 |  1288
           D:2 |       0 |      53 |   0.0 |       0 |      10 |   0.0 |  1064
           D:3 |       0 |     132 |   0.0 |       0 |      34 |   0.0 |  1349
           D:4 |       0 |     730 |   0.0 |       0 |      34 |   0.0 |  1324
           D:5 |       0 |    1032 |   0.0 |       0 |      16 |   0.0 |  1494
           D:6 |       0 |     927 |   0.0 |       0 |      14 |   0.0 |  1039
           D:7 |       0 |    2114 |   0.0 |       0 |      36 |   0.0 |  2047
           D:8 |       0 |    2759 |   0.0 |       0 |      35 |   0.0 |  2660
           D:9 |       0 |     524 |   0.0 |       0 |      16 |   0.0 |   878
          D:10 |       0 |    1439 |   0.0 |       0 |      24 |   0.0 |  1357
          D:11 |       0 |    3414 |   0.0 |       0 |      28 |   0.0 |  1656
          D:12 |       0 |    4492 |   0.0 |       0 |      24 |   0.0 |  1063
          D:13 |       0 |    7352 |   0.0 |       0 |      29 |   0.0 |  1015
          D:14 |       0 |   16417 |   0.0 |       0 |      62 |   0.0 |  2873
        Lair:1 |       0 |    5173 |   0.0 |       0 |      31 |   0.0 |  1723
        Lair:2 |       0 |    4443 |   0.0 |       0 |      11 |   0.0 |  1028
        Lair:3 |       0 |    4419 |   0.0 |       0 |      20 |   0.0 |  1031
        Lair:4 |       0 |   17703 |   0.0 |       0 |      80 |   0.0 |  3042
        Lair:5 |       0 |    9565 |   0.0 |       0 |      26 |   0.0 |  2096
        Lair:6 |       0 |   17963 |   0.0 |       0 |      76 |   0.0 |  2729
      Spider:1 |       0 |    2717 |   0.0 |       0 |      10 |   0.0 |   176
               +---------+---------+-------+---------+---------+-------+---------
